 Dungeon Sprint DCSS version 0.20.1-1-g8b1a95d (webtiles) character file.

651 potatolord6000 the Cleaver (level 7, -7/72 HPs)
             Began as a Hill Orc Fighter on Aug 31, 2017.
             Killed from afar by an acid dragon (10 damage)
             ... with a splash of acid
             ... in the Dungeon (Sprint VII: "The Pits").
             The game lasted 00:00:35 (152 turns).

potatolord6000 the Cleaver (Hill Orc Fighter)        Turns: 152, Time: 00:00:36

Health: -7/72      AC:  8    Str: 21    XL:     7   Next: 53%
Magic:  7/7        EV:  9    Int:  8    God:
Gold:   0          SH: 11    Dex: 10    Spells: 6/6 levels left

rFire    . . .     SeeInvis .   a - +0 war axe
rCold    . . .     Gourm    .   c - +0 shield
rNeg     . . .     Faith    .   b - +0 scale mail
rPois    .         Spirit   .   (no helmet)
rElec    .         Reflect  .   (no cloak)
rCorr    .         Harm     .   (no gloves)
MR       .....     NoTele   +   (no boots)
Stlth    ..........             (no amulet)
Regen    0.3/turn               (no ring)
MPRegen  0.1/turn               (no ring)

@: no status effects
A: no striking features
a: no special abilities


You were in the Dungeon.
You were not hungry.

You visited 1 branch

Inventory:

Hand Weapons
 a - a +0 war axe (weapon)
Armour
 b - a +0 scale mail (worn)
 c - a +0 shield (worn)
Scrolls
 k - a scroll of blinking
Potions
 d - a potion of might
 e - a potion of curing
 g - a potion of heal wounds
 h - a potion of haste
 i - 2 potions of magic
 j - a potion of berserk rage
Comestibles
 f - a bread ration


   Skills:
 + Level 10.1 Fighting
 + Level 11.5 Axes
 + Level 8.2 Armour
 + Level 2.2 Dodging
 + Level 9.0 Shields


You had 6 spell levels left.
You didn't know any spells.

Dungeon Overview and Level Annotations

Branches:
Dungeon (1/1)

Altars:


Message History

You barely miss the acid dragon. You closely miss the acid dragon.
You block the acid dragon's attack.
The acid dragon claws you but does no damage.
You slice the acid dragon!!
The acid dragon is severely wounded.
You block the acid dragon's attack. The acid dragon claws you.
* * * LOW HITPOINT WARNING * * *
You closely miss the acid dragon.
The acid dragon is severely wounded.
The acid dragon bites you but does no damage.
The acid dragon claws you but does no damage.
You barely miss the acid dragon.
The acid dragon is severely wounded.
You block the acid dragon's attack. The acid dragon claws you.
* * * LOW HITPOINT WARNING * * *
You closely miss the acid dragon.
The acid dragon is severely wounded.
The acid dragon spits acid at you. The splash of acid hits you!
You die...

#.#........##.......#
#'###########.......#
#.......# #########
#..#.#..# #.##.##.#
#.......#+#
#†##.##.#.+
#††#.#..#D#
#.......)@#
###########


You could see an acid dragon.

Vanquished Creatures
  2 flying skulls (D)
  2 floating eyes (D)
  A black bear (D)
  A gnoll shaman (D)
  An ufetubus (D)
  An ooze (D)
  2 leopard geckos (D)
  A ball python (D)
  2 jackals (D)
  3 bats (D)
  A frilled lizard (D)
17 creatures vanquished.

Vanquished Creatures (others)
  A death drake (D)
1 creature vanquished.

Grand Total: 18 creatures vanquished

Notes
Turn   | Place    | Note
-------+----------+-------------------------------------------
     0 | D        | potatolord6000 the Hill Orc Fighter began the quest for the Orb.
     0 | D        | Reached XP level 1. HP: 19/19 MP: 1/1
    25 | D        | Noticed a floating eye
    30 | D        | Killed a floating eye
    30 | D        | Reached skill level 5 in Axes
    30 | D        | Reached skill level 5 in Armour
    30 | D        | Reached skill level 5 in Shields
    30 | D        | Reached XP level 2. HP: 34/34 MP: 2/2
    30 | D        | Reached XP level 3. HP: 39/39 MP: 3/3
    30 | D        | Reached XP level 4. HP: 47/47 MP: 4/4
    50 | D        | Noticed a floating eye
    52 | D        | Paralysed by a floating eye for 3 turns
    53 | D        | Killed a death drake
    56 | D        | Killed a floating eye
    56 | D        | Reached skill level 7 in Axes
    56 | D        | Reached XP level 5. HP: 45/56 MP: 5/5
    62 | D        | Reached skill level 8 in Axes
    94 | D        | Noticed a flying skull
    96 | D        | Noticed a flying skull
    98 | D        | Noticed a black bear
   108 | D        | Killed a flying skull
   108 | D        | Reached skill level 9 in Axes
   108 | D        | Reached skill level 1 in Dodging
   108 | D        | Reached XP level 6. HP: 33/64 MP: 6/6
   123 | D        | Killed a flying skull
   123 | D        | Reached skill level 10 in Axes
   123 | D        | Reached XP level 7. HP: 16/71 MP: 7/7
   127 | D        | Reached skill level 10 in Fighting
   127 | D        | Reached skill level 11 in Axes
   151 | D        | HP: 2/72 [acid dragon (2)]
   152 | D        | Killed from afar by an acid dragon

Skill      XL: |  1  2  3  4  5  6  7 |
---------------+----------------------+-----
Fighting       | 7 8 9 10 | 10.1
Axes           | 5 7 9 10 11 | 11.5
Armour         | 5 6 7 8 |  8.2
Shields        | 5 6 8 9 |  9.0
Dodging        | 1 2 |  2.2

Action                   |  1- 3 |  4- 6 |  7- 9 || total
-------------------------+-------+-------+-------++-------
Melee: War axe           |    10 |    31 |    16 ||    57
Armor: Scale mail        |     3 |    37 |     8 ||    48
Dodge: Dodged            |     3 |    29 |     5 ||    37
Block: Shield            |     3 |    46 |     4 ||    53
